 Dungeon Crawl Stone Soup version 0.16-a0-3884-g0a5f664 (webtiles) character file.

13330 MDvedh the Basher (level 11, -7/84 HPs)
             Began as a Mummy Fighter on Feb 2, 2015.
             Was an Initiate of Gozag.
             Killed from afar by Maud (12 damage)
             ... with a wand of fire
             ... on level 3 of the Lair of Beasts.
             The game lasted 00:48:57 (16855 turns).

MDvedh the Basher (Mummy Fighter)                  Turns: 16855, Time: 00:48:57

Health: -7/84      AC: 12    Str: 19    XL:     11   Next: 74%
Magic:  0/11       EV: 11    Int:  7    God:    Gozag
Gold:   24         SH: 11    Dex: 19    Spells: 0 memorised, 10 levels left

rFire  . . .     SeeInvis .     y - +2 flail (drain)
rCold  + . .     Clarity  .     k - +1 chain mail {rF+}
rNeg   + + +     SustAb   .     d - +0 shield {rPois}
rPois  ∞         Gourm    .     (no helmet)
rElec  .         Spirit   +     e - +0 cloak
rCorr  .         Warding  .     (no gloves)
rMut   .         Stasis   .     (no boots)
MR     +....                    j - amulet of guardian spirit
Stlth  ..........               (no ring)
                                (no ring)

@: agile, very slightly contaminated, hasted, very quick, somewhat resistant to
hostile enchantments, extremely unstealthy
A: no food or potions, fire vulnerability, restore body, cold resistance 1,
negative energy resistance 3, poison resistance, torment resistance, unbreathing
a: Potion Petition, Call Merchant, Bribe Branch, Renounce Religion


You were on level 3 of the Lair of Beasts.
You worshipped Gozag.
Gozag was noncommittal.
You were not hungry.

You visited 3 branches of the dungeon, and saw 13 of its levels.
You also visited: Sewer and Ossuary.

You collected 1837 gold pieces.
You paid 1813 gold pieces to Gozag.

Inventory:

Hand weapons
 q - a +4 mace
 w - a +3 whip of electrocution
 y - a +2 flail of draining (weapon)
Armour
 d - a +0 shield of poison resistance (worn)
 e - a +0 cloak (worn)
 k - a +1 chain mail of fire resistance (worn)
Jewellery
 j - an amulet of guardian spirit (around neck)
 o - an uncursed ring of ice
 r - an uncursed ring of teleportation
 s - an uncursed amulet of warding
Magical devices
 u - a wand of magic darts (17)
 v - a wand of confusion (28)
Scrolls
 a - a scroll of magic mapping
 b - a scroll of recharging
 f - 2 scrolls of enchant armour
 g - a scroll of amnesia
 i - 4 scrolls of remove curse
 l - 4 scrolls of teleportation
 m - a scroll of fear
 n - 2 scrolls of blinking
 p - 3 scrolls of silence
 t - 2 scrolls of noise
 z - a scroll of immolation
 A - a scroll of fog
Books
 h - a book of Burglary

   Spells                             Type                      Level
   a - Swiftness                      Charms/Air                   2
   b - Passwall                       Transmutation/Earth          3
   c - Passage of Golubria            Translocation                4
   d - Lee's Rapid Deconstruction     Earth                        5
   e - Invisibility                   Hexes                        6
   f - Darkness                       Hexes                        7
 x - a book of Frost

   Spells                             Type                      Level
   a - Freeze                         Ice                          1
   b - Throw Frost                    Conjuration/Ice              2
   c - Ozocubu's Armour               Charms/Ice                   3
   d - Throw Icicle                   Conjuration/Ice              4
   e - Summon Ice Beast               Ice/Summoning                4
   f - Condensation Shield            Ice                          4


   Skills:
 + Level 7.1 Fighting
 - Level 12.0 Maces & Flails
 + Level 5.8 Armour
 * Level 7.9 Shields


You had 10 spell levels left.
You didn't know any spells.

Dungeon Overview and Level Annotations

Branches:
Dungeon (9/15)             Temple (1/1) D:4            Lair (3/8) D:8
  Swamp: Lair:3-6    Shoals: Lair:3-6     Snake: Lair:3-6    Spider: Lair:3-6
    Orc: D:9-12

Altars:
Ashenzari
Cheibriados
Dithmenos
Elyvilon
Fedhas
Gozag
Kikubaaqudgha
Makhleb
Nemelex Xobeh
Okawaru
Qazlal
Ru
Sif Muna
Trog
Vehumet
Xom
Yredelemnul
Zin
The Shining One
Lugonu

Shops:
D:6 =

Annotations:
D:4 exclusion: oklob plant
D:5 exclusion: moth of wrath
D:6 Dowan
Lair:3 Maud


Innate Abilities, Weirdness & Mutations

You do not eat or drink.
Your flesh is vulnerable to fire.
Your flesh is cold resistant.
You are immune to negative energy.
Your system is resistant to poisons.
You are immune to unholy pain and torment.
You can survive without breathing.


Message History

You hit Maud.
Maud is heavily wounded.
You hit Maud but do no damage.
Maud is heavily wounded.
Wield which item (- for none, * to show all)? (? for menu, Esc to quit)
Your +3 whip of electrocution stops crackling.
You sense an unholy aura.
y - a +2 flail of draining (weapon)
Maud hits you with a great mace of crushing!!
* * * LOW HITPOINT WARNING * * *
x2 You are too injured to fight recklessly!
You are too injured to fight recklessly!
Unknown command.
You thump Maud! You drain Maud!
Maud is severely wounded.
You hit Maud but do no damage. You drain Maud!
Maud is severely wounded.
Maud zaps a wand.
The bolt of fire hits you!
You die...
Your body crumbles into a pile of gold.

##..##....###..####
#......#...#....#.#
#.........#..[...#
##......#.........#
##.................##
#..........#........##
##...P.#..#.........P#
##.P#...#####......##
####@.## #..P...##
#@##.# #.#PP...# #.Y
...###...### #..P
.....##### ..#.. ....#
...... .... #.... .
#P.. .


You could see Maud and a yak.

Vanquished Creatures
  Pikel (D:8)
  Psyche (D:8)
  A komodo dragon (D:8)
  2 spiny frogs (Lair:1)
  A troll (D:8)
  2 wandering mushrooms (Lair:1)
  8 blink frogs
  A basilisk (Lair:1)
  9 yaks
  Eustachio (D:6)
  5 hippogriffs
  Edmund (D:8)
  A mottled dragon (D:8)
  Menkaure (D:6)
  A gnoll sergeant (D:8)
  5 porcupines
  A soldier ant (D:8)
  3 orc warriors
  5 water moccasins
  A black bear (Lair:1)
  A slave (D:8)
  A sky beast (D:7)
  2 phantoms
  4 centaurs
  6 crocodiles
  7 ogres
  Duvessa (D:6)
  7 giant frogs
  A big kobold (D:6)
  Blork the orc (D:7)
  A scorpion (D:7)
  A water moccasin skeleton (D:6)
  28 killer bees
  3 wights (D:8)
  4 crimson imps
  A goliath beetle (D:6)
  4 centaur zombies (Ossuary)
  4 jellies
  2 quasits
  A centaur skeleton (D:4)
  4 hounds
  An orc priest (D:7)
  6 orc wizards
  A giant frog skeleton (D:6)
  5 iguanas
  An iron imp (D:6)
  5 worker ants
  Ijyb (D:6)
  3 big kobold zombies (Ossuary)
  6 mummies
  A hound skeleton (D:8)
  12 adders
  2 river rats (D:6)
  3 shadow imps
  19 giant mites
  A gnoll (D:8)
  2 worms
  An ufetubus (D:6)
  A white imp (D:6)
  An adder skeleton (D:8)
  An adder zombie (D:6)
  14 giant geckos
  10 oozes
  20 orcs
  7 ball pythons (Sewer)
  2 bat skeletons (D:6)
  A bat zombie (D:6)
  7 hobgoblins
  2 jackals (D:2)
  18 kobolds
  4 quokkas
  17 bats
  14 giant cockroaches
  22 giant newts
  11 goblins
  4 hobgoblin zombies
  A jackal zombie (D:5)
  A kobold zombie (D:5)
  A quokka skeleton (D:5)
  14 rats
  7 ballistomycetes
385 creatures vanquished.

Vanquished Creatures (others)
  2 slaves (D:8)
  2 big kobolds (D:8)
  A worker ant (D:8)
  3 giant spores
  2 kobolds (D:8)
  A fungus (Lair:1)
  2 plants (D:8)
13 creatures vanquished.

Grand Total: 398 creatures vanquished

Notes
Turn   | Place    | Note
--------------------------------------------------------------
     0 | D:1      | MDvedh, the Mummy Fighter, began the quest for the Orb.
     0 | D:1      | Reached XP level 1. HP: 18/18 MP: 1/1
   496 | D:1      | Reached XP level 2. HP: 24/24 MP: 2/2
   797 | D:2      | Reached XP level 3. HP: 27/29 MP: 3/3
  1312 | D:3      | Found a glowing drain.
  1347 | Sewer    | Entered a sewer
  1365 | Sewer    | Reached XP level 4. HP: 22/35 MP: 1/4
  1546 | Sewer    | Reached skill level 4 in Maces & Flails
  1736 | Sewer    | Reached XP level 5. HP: 41/41 MP: 5/5
  2030 | Sewer    | Reached skill level 5 in Maces & Flails
  2230 | Sewer    | Reached XP level 6. HP: 43/47 MP: 6/6
  2258 | Sewer    | Noticed a giant frog
  2258 | Sewer    | Noticed a giant frog
  2296 | D:2      | Killed a giant frog
  2522 | D:3      | Killed a giant frog
  3076 | D:4      | Reached skill level 6 in Maces & Flails
  3146 | D:4      | Found a shimmering altar of Xom.
  3190 | D:4      | Found a staircase to the Ecumenical Temple.
  3203 | D:4      | Reached XP level 7. HP: 52/52 MP: 7/7
  3205 | Temple   | Entered the Ecumenical Temple
  3483 | D:4      | Found a shadowy altar of Dithmenos.
  3534 | Temple   | Became a worshipper of Gozag Ym Sagoz the Greedy
  3746 | D:4      | Found a blossoming altar of Fedhas.
  3758 | D:4      | Noticed an oklob plant
  4008 | D:5      | Entered Level 5 of the Dungeon
  4151 | D:5      | Found a sand-covered staircase.
  4160 | Ossuary  | Entered an ossuary
  4308 | Ossuary  | Reached skill level 7 in Maces & Flails
  4898 | D:5      | Reached XP level 8. HP: 47/58 MP: 8/8
  5343 | D:5      | Reached skill level 8 in Maces & Flails
  5607 | D:5      | Noticed a moth of wrath
  5611 | D:5      | Found a bloodstained altar of Trog.
  6462 | D:6      | Reached skill level 9 in Maces & Flails
  6794 | D:6      | Found Mnaecs' Jewellery Shop.
  6934 | D:6      | Noticed Menkaure
  6938 | D:6      | Killed Menkaure
  7605 | D:6      | Reached skill level 10 in Maces & Flails
  7605 | D:6      | Reached XP level 9. HP: 20/63 MP: 6/9
  7875 | D:6      | Noticed Dowan
  7878 | D:6      | Noticed Duvessa
  7891 | D:6      | Noticed Ijyb
  8004 | D:6      | Killed Duvessa
  8468 | D:6      | Noticed Eustachio
  8557 | D:6      | Killed Eustachio
  8881 | D:6      | Killed Ijyb
  9030 | D:7      | Found a deep blue altar of Sif Muna.
  9107 | D:7      | Reached skill level 11 in Maces & Flails
  9498 | D:7      | Found an ancient bone altar of Kikubaaqudgha.
  9803 | D:7      | Noticed Blork the orc
  9817 | D:7      | Killed Blork the orc
 10396 | D:8      | Noticed Pikel
 10426 | D:8      | Killed Pikel
 10646 | D:8      | Reached skill level 12 in Maces & Flails
 10646 | D:8      | Reached XP level 10. HP: 70/70 MP: 10/10
 11359 | D:8      | Found a glowing silver altar of Zin.
 11405 | D:8      | Noticed Psyche
 11411 | D:8      | Killed Psyche
 11417 | D:8      | Found a radiant altar of Vehumet.
 11502 | D:8      | Found an iron altar of Okawaru.
 11505 | D:8      | Found a sparkling altar of Nemelex Xobeh.
 11508 | D:8      | Found a basalt altar of Yredelemnul.
 11522 | D:8      | Found a sacrificial altar of Ru.
 11582 | D:8      | Noticed Edmund
 11588 | D:8      | Killed Edmund
 11695 | D:8      | Found a staircase to the Lair.
 11775 | D:8      | Noticed a komodo dragon
 12782 | D:8      | Killed a komodo dragon
 12782 | D:8      | Reached skill level 5 in Fighting
 12782 | D:8      | Reached skill level 5 in Shields
 12865 | Lair:1   | Entered Level 1 of the Lair of Beasts
 14263 | Lair:1   | Reached XP level 11. HP: 32/80 MP: 4/11
 15446 | Lair:1   | Reached skill level 5 in Armour
 16729 | Lair:3   | Identified a scroll of acquirement
 16788 | Lair:3   | Noticed Maud
 16855 | Lair:3   | Killed from afar by Maud

Action                   |  1- 3 |  4- 6 |  7- 9 | 10-12 || total
-------------------------+-------+-------+-------+-------++-------
Melee: Flail             |   148 |   356 |   599 |     2 ||  1105
       Whip              |       |       |   147 |   845 ||   992
       Mace              |       |       |    43 |       ||    43
Invok: Potion Petition   |       |       |       |     3 ||     3
  Use: Scroll            |       |     4 |     8 |    12 ||    24
 Stab: Distracted        |       |       |     3 |     2 ||     5
